 Dungeon Crawl Stone Soup version 0.29.0-15-g675c0067aa (webtiles) character file.

Game seed: 36266984180494521

443 gelatine the Chopper (level 6, -6/56 HPs)
             Began as a Minotaur Berserker on Sept 12, 2022.
             Was a Priest of Trog.
             Mangled by Menkaure (22 damage)
             ... on level 5 of the Dungeon.
             The game lasted 00:06:14 (4415 turns).

gelatine the Chopper (Minotaur Berserker)           Turns: 4415, Time: 00:06:14

Health: -6/56      AC:  3    Str: 23    XL:     6   Next: 71%
Magic:  5/5        EV: 12    Int:  4    God:    Trog [***...]
Gold:   203        SH:  0    Dex: 10    Spells: 5/5 levels left

rFire   . . .      SeeInvis .   o - +0 war axe
rCold   . . .      Faith    .   (no shield)
rNeg    . . .      Spirit   .   e - +0 leather armour
rPois   .          Reflect  .   (helmet restricted)
rElec   .          Harm     .   (no cloak)
rCorr   .          Rampage  .   (no gloves)
Will    .....                   (no boots)
Stlth   +.........              (no amulet)
HPRegen 0.18/turn               (no ring)
MPRegen 0.09/turn               (no ring)

@: no status effects
A: horns 2, retaliatory headbutt
a: Renounce Religion, Berserk, Trog's Hand


You were on level 5 of the Dungeon.
You worshipped Trog.
Trog was most pleased with you.
You visited 1 branch of the dungeon, and saw 5 of its levels.

You collected 203 gold pieces.

Inventory:

Hand Weapons
 a - a +0 hand axe
 n - the +9 dagger of Sloth {elec, +Blink rN+}
   (You took it off a goblin on level 3 of the Dungeon)

   It occasionally discharges a powerful burst of electricity upon striking a
   foe.
   rN:        It protects you from negative energy.
   +Blink:    It lets you blink.
 o - a +0 war axe (weapon)
Armour
 b - a +0 animal skin
 e - a +0 leather armour (worn)
Jewellery
 l - an amulet of magic regeneration
 s - a +6 ring of intelligence
Scrolls
 d - 2 scrolls of summoning {unknown}
 g - 8 scrolls of identify {unknown}
 i - 2 scrolls of poison {unknown}
 j - 4 scrolls of teleportation {unknown}
 k - a scroll of magic mapping {unknown}
 m - a scroll of brand weapon {unknown}
 q - 3 scrolls of vulnerability {unknown}
Potions
 c - 2 potions of haste {unknown}
 f - a potion of curing {unknown}
 h - 3 potions of heal wounds {unknown}
 p - 2 potions of degeneration {unknown}
 r - a potion of lignification {unknown}


   Skills:
 * Level 5.5 Fighting
 * Level 6.4 Axes
 * Level 3.5 Armour
 * Level 3.3 Dodging
 * Level 2.0 Stealth


You had 5 spell levels left.
You didn't know any spells.
Your spell library was empty.

Dungeon Overview and Level Annotations

Branches:
Dungeon (5/15)
 Temple: D:4-7

Altars:

Annotations:
D:5 Menkaure


Innate Abilities, Weirdness & Mutations

You have a pair of horns on your head.
You reflexively headbutt those who attack you in melee.


Message History

The scorpion is severely wounded.
The scorpion stings you but does no damage.
You hit the scorpion but do no damage.
The scorpion is severely wounded.
The scorpion stings you. The scorpion closely misses you.
You hit the scorpion.
The scorpion is almost dead.
The scorpion barely misses you.
You closely miss the scorpion.
The scorpion is almost dead.
The scorpion stings you.
You are poisoned.
The scorpion poisons you!
You slash the scorpion!
You kill the scorpion!
Trog accepts your kill.
You feel very sick.
Your Stealth skill increases to level 2!
You feel sick.
You feel sick.
You feel sick.
You feel sick.
You feel sick.
You feel sick.
You feel sick.
You feel sick.
You are no longer poisoned.
HP restored.
You see here a scorpion corpse.
Found a stone staircase leading down.
Menkaure, Prince of Dust comes into view.
Menkaure shouts!
Menkaure calls on the powers of darkness!
Your body is wracked with pain!
You hit Menkaure but do no damage. Menkaure hits you!
* * * LOW HITPOINT WARNING * * *
You barely miss Menkaure. You headbutt Menkaure.
Menkaure is moderately damaged.
Menkaure hits you!!
You die...

#.# ########.#
#........#
######.########
#...##.#
+>..##.#
#...##.#
#.M.##.# #@#
#.# #.####.#
#......#
#.###### #.#
#.# #.# #.# #.#


You could see Menkaure.

Vanquished Creatures
  2 scorpions
  A necrophage (D:4)
  An orc wizard (D:4)
  3 iguanas (D:4)
  A gnoll (D:1)
  4 adders
  An ufetubus (D:4)
  A worm (D:3)
  5 dart slugs
  4 orcs
  4 bats
  5 endoplasms
  3 giant cockroaches
  9 goblins
  9 hobgoblins
  5 quokkas
  11 ball pythons
  3 frilled lizards
  3 kobolds
  28 rats
103 creatures vanquished.

Notes
Turn   | Place    | Note
-------+----------+-------------------------------------------
     0 | D:1      | gelatine the Minotaur Berserker began the quest for the
                  | Orb.
     0 | D:1      | Reached XP level 1. HP: 19/19 MP: 0/0
    85 | D:1      | HP: 1/20 [dart slug/slug dart (4)]
    87 | D:1      | Reached skill level 4 in Axes
    87 | D:1      | Reached XP level 2. HP: 1/27 MP: 1/1
   797 | D:1      | Reached XP level 3. HP: 33/33 MP: 2/2
  1209 | D:2      | Reached ** piety under Trog
  1561 | D:2      | Reached XP level 4. HP: 41/41 MP: 3/3
  1917 | D:3      | Reached skill level 5 in Axes
  2034 | D:3      | Reached *** piety under Trog
  2492 | D:3      | Reached XP level 5. HP: 29/47 MP: 4/4
  2670 | D:3      | Identified the +9 dagger of Sloth {elec, +Blink rN+}
  3120 | D:4      | Reached skill level 1 in Stealth
  3444 | D:4      | Reached skill level 5 in Fighting
  3448 | D:4      | Reached XP level 6. HP: 27/56 MP: 5/5
  3654 | D:4      | Reached skill level 6 in Axes
  4203 | D:5      | Entered Level 5 of the Dungeon
  4412 | D:5      | Noticed Menkaure
  4415 | D:5      | Mangled by Menkaure

Illustrated notes

Levels and vault maps discovered:
D:1:      nicolae_arrival_washed_ashore, layout_loops_corners
D:2:      layout_rooms, wad_floor_pattern_2, minmay_close_crescents
D:3:      layout_basic, minmay_rat_hole
D:4:      layout_basic, minmay_distorted
D:5:      layout_basic, serial_shops, shop_fountains, uniq_menkaure

Skill      XL: |  1  2  3  4  5  6 |
---------------+-------------------+-----
Axes           | 4 5 6 |  6.4
Fighting       | 4 5 |  5.5
Armour         | 3 |  3.5
Stealth        | 1 2 |  2.0
Dodging        | 3 |  3.3

Action                   |  1- 3 |  4- 6 || total
-------------------------+-------+-------++-------
Melee: Hand axe          |    75 |    85 ||   160
       Headbutt          |    11 |    25 ||    36
       Punch             |     1 |       ||     1
       War axe           |       |    57 ||    57
       Dagger            |       |     5 ||     5
 Stab: Sleeping          |       |     3 ||     3
Armor: Leather armour    |     9 |    32 ||    41
       Animal skin       |     2 |       ||     2
Dodge: Dodged            |    43 |    85 ||   128
